 Dungeon Crawl Stone Soup version 0.15-a0-1723-gae8f746 (webtiles) character file.

18 Nikss the Grave Robber (level 2, 0/20 HPs)
             Began as a Draconian Necromancer on June 26, 2014.
             Succumbed to an adder's poison
             ... on Level 2 of the Dungeon.
             The game lasted 00:10:52 (1031 turns).

Nikss the Grave Robber (Draconian Necromancer)      Turns: 1031, Time: 00:10:52

HP   0/20        AC  4     Str 10      XL: 2   Next: 51%
MP   4/4         EV 12     Int 15      God:
Gold 53          SH  0     Dex 11      Spells:  2 memorised,  3 levels left

rFire  . . .     SeeInvis .     s - -2 spear (curse)
rCold  . . .     Clarity  .     (armour unavailable)
rNeg   . . .     rCorr    .     (no shield)
rPois  .         rRot     .     (helmet restricted)
rElec  .         Spirit   .     (no cloak)
SustAb .         Warding  .     (no gloves)
rMut   .         Stasis   .     (no boots)
Gourm  .                        (no amulet)
MR     .....                    (no ring)
                                (no ring)

@: lethally poisoned, not resistant to hostile enchantments, unstealthy
A: unfitting armour, cold-blooded, AC +4
a: no special abilities


You were on level 2 of the Dungeon.
You were hungry.

You visited 1 branch of the dungeon, and saw 2 of its levels.

You collected 53 gold pieces.

Inventory:

Hand weapons
 o - a +0 dagger
 s - a cursed -2 spear (weapon)
Missiles
 d - 10 arrows of flame
 e - 7 curare-tipped needles
 f - 31 sling bullets
 p - 22 stones (quivered)
 t - a throwing net
Armour
 a - a +0 ring mail
 l - a +0 robe
Comestibles
 c - 2 bread rations
Scrolls
 q - a scroll of amnesia
Potions
 g - a potion of flight {unknown}
 j - a potion of invisibility {unknown}
Books
 b - a book of Necromancy

   Spells                             Type                      Level
   *Pain                              Necromancy                   1
   *Animate Skeleton                  Necromancy                   1
   Vampiric Draining                  Necromancy                   3
   Regeneration                       Charms/Necromancy            3
   Animate Dead                       Necromancy                   4
   Control Undead                     Necromancy                   4


   Skills:
 + Level 0.2 Fighting
 + Level 2.0 Dodging
 + Level 1.9 Stealth
 + Level 0.2 Unarmed Combat
 + Level 2.2 Spellcasting
 + Level 4.2 Necromancy


You had 3 spell levels left.
You knew the following spells:

 Your Spells              Type           Power        Failure   Level  Hunger
a - Pain                  Necr           ##..         4%          1    #......
b - Animate Skeleton      Necr           N/A          4%          1    #......


Dungeon Overview and Level Annotations

Branches:
Dungeon (2/15)

Altars:


Innate Abilities, Weirdness & Mutations

Your plain brown scales are hard (AC +4).
Your body does not fit into most forms of armour.
Your cold-blooded metabolism reacts poorly to cold.


Message History

The adder bites you but does no damage. The adder closely misses you.
The adder bites you.
You are poisoned.
The adder poisons you!
You feel sick.
You feel sick. The adder bites you.
* * * LOW HITPOINT WARNING * * *
You are more poisoned.
The adder poisons you!
All of the chunks of flesh in your inventory have completely rotted away.
* * * LOW HITPOINT WARNING * * *
You feel sick.
* * * LOW HITPOINT WARNING * * *
You feel sick. The adder closely misses you.
* * * LOW HITPOINT WARNING * * *
You feel sick.
There is a stone staircase leading up here.
You die...

#.# #.# #.# #.#
######## #.#
#......# #.#
#.####.# #.# ###.#
#.# #########.#
....# #.#
#@S.......# #####
#.#######.#########
#.........#
###########


You could see an adder.

Vanquished Creatures
  2 bats (D:1)
  A goblin (D:1)
  A hobgoblin (D:1)
  A ball python (D:2)
  A giant newt (D:1)
  3 kobolds (D:1)
  3 rats (D:1)
12 creatures vanquished.

Vanquished Creatures (collateral kills)
  3 bats (D:1)
  2 hobgoblins (D:1)
  3 jackals (D:1)
  2 goblins (D:1)
  A kobold (D:1)
  A rat (D:1)
12 creatures vanquished.

Vanquished Creatures (others)
  2 bat skeletons (D:1)
  A giant newt skeleton (D:1)
  A goblin skeleton (D:1)
  2 jackal skeletons (D:1)
  A kobold skeleton (D:1)
  3 rat skeletons (D:1)
10 creatures vanquished.

Grand Total: 34 creatures vanquished

Notes
Turn   | Place    | Note
--------------------------------------------------------------
     0 | D:1      | Nikss, the Draconian Necromancer, began the quest for the Orb.
     0 | D:1      | Reached XP level 1. HP: 14/14 MP: 3/3
    77 | D:1      | Learned a level 1 spell: Animate Skeleton
   303 | D:1      | Reached XP level 2. HP: 18/20 MP: 4/4
  1030 | D:2      | HP: 1/20 [poisoned by an adder]
  1031 | D:2      | Succumbed to an adder's poison

Action                   || total
-------------------------++-------
Melee: Unarmed           ||    34
       Spear             ||     4
 Cast: Animate Skeleton  ||    14
       Pain              ||     3
  Use: Scroll            ||     2
